Description

Foreword

I might be adapting and improving this build order as needed while playing this on the ladder.

General

Adaptation of Lambo's 9 Roach Pressure.

While originally designed against Terran, it might be used against other match ups as well.

Upon reaching the opponents base with the 9 roaches, we should have reached 2 base saturation with a third base ready to saturate, depending on which transition (if any) is required.

Build Order

Get SALT Encoding   

  13  0:14  Overlord  
  16  0:48  Hatchery  
  18  1:00  Extractor  Drones are NOT removed from gas
  17  1:13  Spawning Pool  
  21  2:00  Queen x2  
  25  2:01  Zergling x2  Lings/Queens need to deny scouting RW
  27  2:10  Overlord  
  27  2:11  Roach Warren  
  31  2:42  Overlord x2  
  32  2:54  Roach x9  
  50  3:20  Hatchery, Ravager  
  50  3:25  Overlord  
  52  3:33  Overlord  
  58  3:51  Metabolic Boost  
Spawning Tool Build Advisor. Get it on Overwolf

Analysis

Notes

  • No need to take drones off gas

  • Lings and Queen from main should deny scouting with Reaper on cliff

  • Both queens inject upon finishing, instead of having one Queen on creep spread duty.

  • First single Roach is built on main, and a drone on natural

  • First Roach turns into Ravager on high ground to avoid being spotted too early

Go to:

Details

  • Created by: MethorZ
  • Published on: Aug 09, 2022
  • Modified on: Aug 09, 2022
  • Patch: 4.11.0
  • Difficulty: Easy
Show
View Real Time Build Order
Export as new Build Order

Comments (1)

On Sept. 7, 2022, 3:07 a.m., Noboody  said:

Looks the same as Lambo 9 roachs pressure, what is the difference here ?

Create an account to comment!